AoeStats
← Juanfreelance

Arabia

508346741Analyzed
2v2 RM · 10d ago on Sep 22, 2026· 32m 36s· 4 players
Game mode
Random Map
Map size
Medium (4 player)
Population
200
Speed
Normal
Resources
Standard
Victory
Conquest
Starting age
Dark Age
Ending age
Imperial Age
RankedLock teamsTeams togetherTeam positionsShared explorationLock speedFull tech treeHidden civsTurbo modeCheats
Victory
Defeat
🇲🇽 Ethiopians · Mexico
1268
+11
🇵🇦 Persians · Panama
1268
+12
🇦🇷 Mongols · Argentina
1186
-12
🇦🇷 Wei · Argentina
1156
-11
Jonny Nuevo México
7:26 Loom
9:50 Feudal Age
10:28 Double-Bit Axe
17:14 Horse Collar
17:48 Fletching
23:40 Castle Age
22:07 Padded Archer Armor
22:51 Gold Mining
23:41 Crossbowman
24:17 Bodkin Arrow
28:45 Bow Saw
29:33 Ballistics
Juanfreelance
5:48 Loom
9:06 Feudal Age
9:34 Double-Bit Axe
9:30 Horse Collar
21:45 Castle Age
19:52 Gold Mining
20:26 Forging
21:01 Scale Barding Armor
21:08 Bloodlines
22:43 Husbandry
28:59 Iron Casting
31:49 Chain Barding Armor
33:51 Wheelbarrow
EZEKIEL_2517
6:20 Loom
9:13 Feudal Age
9:43 Double-Bit Axe
16:23 Forging
18:31 Scale Barding Armor
20:39 Bloodlines
23:04 Castle Age
22:59 Gold Mining
24:23 Iron Casting
24:55 Light Cavalry
25:36 Husbandry
32:04 Pikeman
Moralelastic
5:29 Loom
8:12 Feudal Age
9:07 Double-Bit Axe
17:20 Fletching
17:41 Forging
22:01 Castle Age
21:21 Bloodlines
21:34 Horse Collar
22:28 Scale Barding Armor
23:03 Husbandry
23:59 Chain Barding Armor
24:50 Iron Casting
32:47 Wheelbarrow
Connection lost

Rejoining the realm…

Still unreachable

The connection could not be restored.

Session expired

The server has moved on; the page needs a fresh start.